 Dungeon Sprint DCSS version 0.18.1-47-g9310371 (webtiles) character file.

27575 rftp080 the Tortoise (level 13, -5/88 HPs)
             Began as a Gargoyle Gladiator on June 20, 2016.
             Was the Champion of Makhleb.
             Slain by a hornet (13 damage)
             ... in the Dungeon (Sprint IX: "|||||||||||||||||||||||||||||").
             The game lasted 00:10:34 (2065 turns).

rftp080 the Tortoise (Gargoyle Gladiator)           Turns: 2065, Time: 00:10:35

Health: -5/88      AC: 20    Str: 18    XL:     13   Next: 33%
Magic:  27/27      EV: 15    Int: 11    God:    Makhleb [******]
Gold:   11         SH:  0    Dex: 14    Spells: 1 memorised, 27 levels left

rFire  + . .     SeeInvis .     q - +3 lajatang
rCold  . . .     Gourm    .     L - +1 fire dragon armour
rNeg   + . .     Faith    .     (shield currently unavailable)
rPois  ∞         Spirit   .     c - +0 helmet
rElec  +         Dismiss  .     F - +0 cloak
rCorr  .         Reflect  .     t - +0 pair of gloves
SustAt .         Harm     .     (no boots)
MR     .....     NoTele   +     (no amulet)
Stlth  ..........               H - ring of ice
                                w - +2 ring of protection

@: corroded, not resistant to hostile enchantments, extremely unstealthy
A: negative energy resistance 1, electricity resistance, unbreathing,
petrification resistance, rot immunity, AC +9
a: Minor Destruction, Lesser Servant of Makhleb, Major Destruction, Greater
Servant of Makhleb, Renounce Religion


You were in the Dungeon.
You worshipped Makhleb.
Makhleb was exalted by your worship.
You were not hungry.

You visited 1 branch You collected 1900 gold pieces.
You spent 1889 gold pieces at shops.

Inventory:

Hand Weapons
 a - a +0 quarterstaff
 q - a +3 lajatang (weapon)
 r - a +2 morningstar of crushing
 s - a +2 scimitar of flaming
 K - a +1 antimagic demon blade
Missiles
 d - 3 throwing nets (quivered)
Armour
 b - a +0 leather armour
 c - a +0 helmet (worn)
 t - a +0 pair of gloves (worn)
 u - a +0 pair of gloves
 v - a +2 ring mail
 F - a +0 cloak (worn)
 L - a +1 fire dragon armour (worn)
 M - a +1 pair of boots
 N - a +1 helmet
Magical Staves
 p - an uncursed staff of energy
Jewellery
 w - a +2 ring of protection (left hand)
 x - a +2 ring of evasion
 C - an uncursed ring of resist corrosion
 G - an uncursed amulet of rage
 H - a ring of ice (right hand)
 I - an uncursed ring of protection from magic
 J - an uncursed ring of stealth
Wands
 o - a wand of acid (6/15)
 z - a wand of digging (13/24)
 A - a wand of iceblast (3/15)
Scrolls
 k - 2 scrolls of blinking
 m - 7 scrolls of remove curse
 n - 2 scrolls of amnesia
 y - a scroll of recharging
 R - 2 scrolls of enchant armour
 S - a scroll of identify
Potions
 e - 4 potions of curing
 g - 7 potions of heal wounds
 h - a potion of haste
 i - 4 potions of magic
 j - 2 potions of brilliance
 l - 2 potions of might
 Q - a potion of berserk rage
 T - a potion of cancellation {unknown}
Books
 O - an Akashic Record

   Spells                             Type                      Level
   a - Dispersal                      Translocation                6
   b - Malign Gateway                 Summoning/Translocation      7
   c - Disjunction                    Translocation                8
   d - Controlled Blink               Translocation                8
 P - a book of Enchantments

   Spells                             Type                      Level
   a - Cause Fear                     Hexes                        4
   b - Yara's Violent Unravelling     Hexes/Transmutation          5
   c - Silence                        Hexes/Air                    5
   d - Deflect Missiles               Charms/Air                   6
   e - Haste                          Charms                       6
   f - Discord                        Hexes                        8
Comestibles
 f - 13 bread rations
 D - 40 fruits
 E - 12 meat rations


   Skills:
 - Level 13.4 Fighting
 - Level 14.0 Staves
 - Level 1.7 Throwing
 - Level 18.8 Armour
 - Level 10.8 Dodging
 + Level 10.9 Spellcasting
 * Level 14.7 Charms


You had 27 spell levels left.
You knew the following spells:

 Your Spells              Type           Power        Failure   Level  Hunger
a - Haste                 Chrm           #####...     12%         6    #######


Dungeon Overview and Level Annotations

Branches:
Dungeon (1/1)

Altars:
Cheibriados
Dithmenos
Elyvilon
Fedhas
Gozag
Kikubaaqudgha
Makhleb
Nemelex Xobeh
Okawaru
Pakellas
Qazlal
Ru
Sif Muna
Trog
Vehumet
Xom
Yredelemnul
Zin
The Shining One
Beogh
Jiyva
Lugonu

Shops:
D :?[[


Innate Abilities, Weirdness & Mutations

You are resistant to torment.
Your stone body is resilient (AC +9).
You are immune to poison.
You resist negative energy.
You are resistant to electric shocks.
You can survive without breathing.
You are immune to petrification.
You are immune to rotting.


Message History

The jumping spider is heavily wounded.
The hornet stings you.
* * * LOW HITPOINT WARNING * * *
The jumping spider closely misses you. The jumping spider misses you.
You slash the jumping spider!
The jumping spider is severely wounded.
The jumping spider leaps!
The hornet stings you but does no damage.
The jumping spider leaps!
The hornet stings you but does no damage.
You see here a spear.
Unknown command.
The jumping spider leaps!
The jumping spider pounces on you!
* * * LOW HITPOINT WARNING * * *
You are caught in a web!
The jumping spider bites you.
* * * LOW HITPOINT WARNING * * *
There is an open door to the Shoals here.
You see here a manticore corpse.
The hornet stings you!
You die...

▓▓▓▓▓▓▓▓▓▓▓▓▓▓▓▓▓♣♣♣♣♣♣♣♣♣♣▓▓▓▓▓▓
......†....s(ssy@s(.s.....††...)[
▓▓▓▓▓▓▓▓▓▓▓▓▓▓▓▓▓♣♣♣♣♣♣♣♣♣♣▓▓▓▓▓▓
...).............................
▓▓▓▓▓▓▓▓▓▓▓▓▓▓▓▓▓▓▓▓▓▓▓▓▓▓▓▓▓▓▓▓▓
......).)†(.....%.).([..[[[...)))
▓▓▓▓▓▓▓▓▓▓▓▓▓▓▓▓▓▓▓▓▓▓▓▓▓▓▓▓▓▓▓▓▓
.................................
▓▓▓▓▓▓▓▓▓▓▓▓▓▓▓▓▓▓▓▓▓▓▓▓▓▓▓▓▓▓▓▓▓
.∩.∩)∩)....').)..)..)))))))....))


You could see a demonic crawler, a wolf spider, a hornet, an orb spider and 2
jumping spiders.

Vanquished Creatures
  Donald (D)
  A stone giant (D)
  An ettin (D)
  A merfolk javelineer (D)
  A yaktaur captain (D)
  A naga warrior (D)
  An ice dragon (D)
  A hydra (D)
  An entropy weaver (D)
  A centaur warrior (D)
  A sea snake (D)
  A flayed ghost (D)
  7 orc sorcerers (D)
  A manticore (D)
  2 griffons (D)
  2 ugly things (D)
  Joseph (D)
  A salamander (D)
  A water nymph (D)
  A siren (D)
  4 black mambas (D)
  4 naga magi (D)
  9 elephants (D)
  A spiny frog (D)
  A yaktaur (D)
  A troll (D)
  A tengu conjurer (D)
  4 blink frogs (D)
  A bog body (D)
  A giant leech (D)
  A slime creature (D)
  2 snapping turtles (D)
  A redback (D)
  A water elemental (D)
  A shadow (D)
  A yak (D)
  2 basilisks (D)
  Grum (D)
  3 hippogriffs (D)
  A warg (shapeshifter) (D)
  2 vampire mosquitoes (D)
  3 water moccasins (D)
  A swamp drake (D)
  2 black bears (D)
  10 orc warriors (D)
  A necrophage (D)
  A phantom (D)
  4 wolves (D)
  An ogre (D)
  A crocodile (D)
  A centaur (D)
  2 giant frogs (D)
  A quasit (D)
  4 orc priests (D)
  A hound (D)
  An iguana (D)
  10 orc wizards (D)
  A river rat (D)
  2 shadow imps (D)
  An ooze (D)
  A giant gecko (D)
  9 orcs (D)
  A bat zombie (D)
  A giant cockroach (D)
  A hobgoblin (D)
  A quokka (D)
  A kobold (D)
  A quokka zombie (D)
135 creatures vanquished.

Vanquished Creatures (others)
  A spatial maelstrom (D)
  An insubstantial wisp (D)
2 creatures vanquished.

Grand Total: 137 creatures vanquished

Notes
Turn   | Place    | Note
--------------------------------------------------------------
     0 | D        | rftp080 the Gargoyle Gladiator began the quest for the Orb.
     0 | D        | Reached XP level 1. HP: 12/12 MP: 1/1
     7 | D        | Reached skill level 1 in Armour
     8 | D        | Banished a spatial maelstrom
    11 | D        | Reached skill level 2 in Armour
    11 | D        | Reached XP level 2. HP: 16/17 MP: 2/2
    23 | D        | Noticed an ogre
    23 | D        | Noticed a necrophage
    31 | D        | Killed a necrophage
    31 | D        | Reached skill level 6 in Armour
    31 | D        | Reached XP level 3. HP: 21/21 MP: 3/3
    31 | D        | Reached XP level 4. HP: 26/26 MP: 4/4
    40 | D        | Killed an ogre
    40 | D        | Reached skill level 8 in Armour
    40 | D        | Reached XP level 5. HP: 27/30 MP: 5/5
    47 | D        | Found a glowing silver altar of Zin.
    47 | D        | Found a glowing golden altar of the Shining One.
    47 | D        | Found an ancient bone altar of Kikubaaqudgha.
    47 | D        | Found a basalt altar of Yredelemnul.
    47 | D        | Found a shimmering altar of Xom.
    47 | D        | Found a radiant altar of Vehumet.
    48 | D        | Found an iron altar of Okawaru.
    49 | D        | Found a burning altar of Makhleb.
    50 | D        | Found a deep blue altar of Sif Muna.
    51 | D        | Found a bloodstained altar of Trog.
    52 | D        | Found a sparkling altar of Nemelex Xobeh.
    53 | D        | Found a white marble altar of Elyvilon.
    54 | D        | Found a roughly hewn altar of Beogh.
    55 | D        | Found a viscous altar of Jiyva.
    56 | D        | Found a corrupted altar of Lugonu.
    57 | D        | Became a worshipper of Makhleb the Destroyer
    58 | D        | Found a blossoming altar of Fedhas.
    59 | D        | Found a snail-covered altar of Cheibriados.
    60 | D        | Found a shadowy altar of Dithmenos.
    61 | D        | Found a stormy altar of Qazlal.
    62 | D        | Found an opulent altar of Gozag.
    63 | D        | Found a sacrificial altar of Ru.
    64 | D        | Found an oddly glowing altar of Pakellas.
   110 | D        | Noticed a black bear
   110 | D        | Noticed a phantom
   110 | D        | Noticed a black bear
   126 | D        | Reached * piety under Makhleb
   126 | D        | Reached skill level 9 in Armour
   126 | D        | Reached XP level 6. HP: 18/35 MP: 6/6
   130 | D        | HP: 1/35 [black bear (2)]
   132 | D        | Killed a black bear
   132 | D        | Reached skill level 10 in Staves
   132 | D        | Reached skill level 10 in Armour
   136 | D        | Killed a phantom
   136 | D        | Reached skill level 11 in Armour
   136 | D        | Reached XP level 7. HP: 20/40 MP: 7/7
   140 | D        | Reached ** piety under Makhleb
   149 | D        | Noticed a yak
   149 | D        | Noticed a basilisk
   149 | D        | Noticed a hippogriff
   149 | D        | Noticed a green ugly thing
   157 | D        | Killed a green ugly thing
   157 | D        | Reached skill level 12 in Armour
   157 | D        | Reached XP level 8. HP: 33/44 MP: 8/8
   164 | D        | Reached *** piety under Makhleb
   168 | D        | Reached skill level 13 in Armour
   182 | D        | Killed a yak
   182 | D        | Reached **** piety under Makhleb
   295 | D        | Noticed a blink frog
   299 | D        | Noticed a griffon
   305 | D        | Reached skill level 14 in Armour
   320 | D        | Killed a blink frog
   333 | D        | Reached ***** piety under Makhleb
   333 | D        | Reached XP level 9. HP: 47/48 MP: 9/9
   388 | D        | Killed a griffon
   388 | D        | Reached skill level 5 in Fighting
   388 | D        | Reached skill level 15 in Armour
   395 | D        | Reached ****** piety under Makhleb
   408 | D        | Noticed a spiny frog
   412 | D        | Noticed an elephant
   418 | D        | Noticed a black mamba
   424 | D        | Killed a spiny frog
   424 | D        | Reached skill level 5 in Dodging
   436 | D        | Reached XP level 10. HP: 51/63 MP: 10/10
   449 | D        | Reached skill level 16 in Armour
   467 | D        | Killed an elephant
   484 | D        | Killed a black mamba
   500 | D        | Noticed an elephant
   500 | D        | Noticed an elephant
   500 | D        | Noticed an elephant
   500 | D        | Noticed an elephant
   500 | D        | Noticed an elephant
   500 | D        | Noticed an elephant
   504 | D        | Noticed an elephant
   510 | D        | Killed an elephant
   514 | D        | Killed an elephant
   525 | D        | Noticed an elephant
   529 | D        | Killed an elephant
   529 | D        | Reached skill level 10 in Fighting
   538 | D        | Killed an elephant
   538 | D        | Reached skill level 17 in Armour
   547 | D        | Killed an elephant
   552 | D        | Killed an elephant
   558 | D        | Killed an elephant
   558 | D        | Reached XP level 11. HP: 74/74 MP: 11/11
   813 | D        | Noticed an orc sorcerer
   839 | D        | Paralysed by an orc sorcerer for 7 turns
   848 | D        | Noticed a soul eater
   850 | D        | Killed an orc sorcerer
   850 | D        | Reached skill level 18 in Armour
   904 | D        | Found Kedolis's Armour Boutique.
   904 | D        | Noticed an orc sorcerer
   904 | D        | Noticed an orc sorcerer
   916 | D        | Paralysed by an orc sorcerer for 2 turns
   923 | D        | Killed an orc sorcerer
   944 | D        | Noticed an orc sorcerer
   950 | D        | Killed an orc sorcerer
   950 | D        | Reached skill level 10 in Dodging
   965 | D        | Paralysed by an orc sorcerer for 6 turns
   967 | D        | Noticed a soul eater
   977 | D        | Killed an orc sorcerer
   989 | D        | Found Limufun's Antique Armour Shop.
  1007 | D        | Found Weguipp's Magic Scroll Boutique.
  1009 | D        | Noticed an orc sorcerer
  1019 | D        | Noticed an orc sorcerer
  1022 | D        | Killed an orc sorcerer
  1023 | D        | Found Myugg's Book Shop.
  1029 | D        | Noticed an orc sorcerer
  1030 | D        | Killed an orc sorcerer
  1040 | D        | Killed an orc sorcerer
  1075 | D        | Bought a book of Enchantments for 500 gold pieces
  1075 | D        | Bought an Akashic Record for 1104 gold pieces
  1083 | D        | Bought a pair of spiked gloves for 285 gold pieces
  1093 | D        | Identified the +1 pair of gloves of Qackyuti {rPois rC- rCorr Str-5} (You bought it in a shop in the Dungeon)
  1178 | D        | Noticed Grum
  1189 | D        | Killed Grum
  1518 | D        | Learned a level 6 spell: Haste
  1524 | D        | Noticed a centaur warrior
  1524 | D        | Noticed a cyan ugly thing
  1532 | D        | Killed a cyan ugly thing
  1532 | D        | Reached skill level 1 in Spellcasting
  1538 | D        | Killed a centaur warrior
  1544 | D        | Noticed an ice dragon
  1556 | D        | Noticed a yaktaur captain
  1561 | D        | Noticed a flayed ghost
  1561 | D        | Reached skill level 5 in Charms
  1561 | D        | Reached XP level 12. HP: 84/84 MP: 13/17
  1598 | D        | Killed an ice dragon
  1607 | D        | Killed a yaktaur captain
  1607 | D        | Reached skill level 5 in Spellcasting
  1657 | D        | Noticed an ettin
  1658 | D        | Noticed a stone giant
  1668 | D        | Killed a stone giant
  1670 | D        | Killed an ettin
  1705 | D        | Noticed Donald
  1712 | D        | Killed Donald
  1712 | D        | Reached skill level 10 in Charms
  1741 | D        | Noticed Joseph
  1750 | D        | Killed Joseph
  1783 | D        | Noticed a naga warrior
  1804 | D        | Killed a naga warrior
  1851 | D        | Noticed a five-headed hydra
  1884 | D        | Killed a 14-headed hydra
  1884 | D        | Reached XP level 13. HP: 61/88 MP: 26/26
  1940 | D        | Noticed a merfolk javelineer
  1944 | D        | Reached skill level 10 in Spellcasting
  1996 | D        | Killed a merfolk javelineer
  2023 | D        | Noticed an entropy weaver
  2040 | D        | Killed an entropy weaver
  2065 | D        | Slain by a hornet

Skill      XL: |  1  2  3  4  5  6  7  8  9 10 11 12 13 |
---------------+----------------------------------------+-----
Armour         | 2 6 8 9 11 12 14 15 17 18 | 18.8
Staves         | 4 6 8 9 10 12 13 14 | 14.0
Fighting       | 7 11 13 | 13.4
Dodging        | 5 8 10 | 10.8
Spellcasting   | 3 9 10 | 10.9
Charms         | 5 13 14 | 14.7
Throwing       | |  1.7

Action                   |  1- 3 |  4- 6 |  7- 9 | 10-12 | 13-15 || total
-------------------------+-------+-------+-------+-------+-------++-------
Melee: Quarterstaff      |    20 |     7 |       |       |       ||    27
       Lajatang          |       |    22 |   159 |   498 |   121 ||   800
Evoke: Wand              |       |       |       |       |     2 ||     2
  Use: Potion            |     1 |     4 |       |     3 |       ||     8
       Scroll            |       |       |       |     4 |       ||     4
 Stab: Invisible         |       |     3 |     5 |       |       ||     8
       Confused          |       |       |       |     1 |       ||     1
  Eat: Chunk             |       |       |       |     5 |     1 ||     6
Armor: Leather armour    |     4 |     2 |       |       |       ||     6
       Ring mail         |       |     9 |    50 |   105 |       ||   164
       Fire dragon armou |       |       |       |   104 |    74 ||   178
Dodge: Dodged            |    11 |    30 |   104 |   295 |    93 ||   533
